Diables vs Harfangs
(R1)
Created - December 27, 2017 at 07:57
Goals
|
| Diables |
0 |
0 |
2 |
0 |
0 |
2 |
| Harfangs |
0 |
0 |
2 |
0 |
1 |
3 |
|
Shots
|
| Diables |
3 |
11 |
12 |
2 |
3 |
28 |
| Harfangs |
4 |
13 |
11 |
3 |
3 |
31 |
|
1st period
No Goal
Penalties :
Mark Fraser (Alm) for Hooking (Minor) at 3:00, Brian Dumoulin (Alm) for Roughing (Minor) at 8:27, Tim Schaller (Alm) for Cross-checking (Minor) at 12:47
2nd period
No Goal
Penalties :
Victor Bartley (BEA) for Interference (Minor) at 4:53, Dustin Jeffrey (BEA) for Delaying the game (Minor) at 7:04, Jean-Gabriel Pageau (BEA) for Slashing (Double Minor) at 10:59, Nikita Kucherov (Alm) for Boarding (Minor) at 19:00
3rd period
1. Harfangs , Cody Eakin 11 (Tomas Kubalik 11, Vojtech Polak 7) at 8:45
2. Diables , Brandon Prust 20 (Nikita Kucherov 13, Tyler Bozak 31) at 11:09
3. Diables , Nikita Kucherov 21 (Mark Fraser 8, Taylor Beck 6) at 12:57 (PP)
4. Harfangs , Tomas Kubalik 6 (Cody Eakin 14, Vojtech Polak 8) at 19:45
Penalties :
Dylan Olsen (BEA) for Slashing (Minor) at 12:44
Overtime #1
No Goal
Penalties :
No Penalty
Shootout
Penalty Shot by Nikita Kucherov for Diables - Stopped by Andrew Hammond
Penalty Shot by Cody Eakin for Harfangs - Stopped by Matt Murray
Penalty Shot by Tyler Bozak for Diables - Shot Hit the Post
Penalty Shot by Jean-Gabriel Pageau for Harfangs - Stopped by Matt Murray
Penalty Shot by Alexandre Burrows for Diables - Stopped by Andrew Hammond
Penalty Shot by Vojtech Polak for Harfangs - Goal!
Penalties :
No Penalty
Goalie Stats
Matt Murray (Alm), 29 saves from 31 shots - (0.935), OTL, 4-11-1, 65:00 minutes
Andrew Hammond (BEA), 26 saves from 28 shots - (0.929), W, 11-9-2, 64:50 minutes
Players Stats for Diables
Player Name G A P +/- PIM S H SB GA TA FO MP PP MP PK MP
------------------------------------------------------------------------------------
Alexandre Burrows 0 0 0 0 0 1 1 1 2 1 0/1 18:05 4:16 0:57
Brandon Prust 1 0 1 -1 0 4 4 1 1 1 2/4 18:31 3:28 0:00
Brian Dumoulin 0 0 0 1 2 2 1 2 0 0 0/0 25:13 5:17 0:17
Craig Smith 0 0 0 0 0 1 2 0 1 0 0/0 19:13 3:34 4:25
Jamie Oleksiak 0 0 0 -1 0 0 0 2 0 0 0/0 12:56 0:00 2:23
Jon Merrill 0 0 0 -1 0 0 3 3 1 0 0/0 27:39 2:53 5:40
Jordan Szwarz 0 0 0 0 0 3 0 0 0 0 0/0 8:48 0:12 0:00
Louis Leblanc 0 0 0 0 0 0 1 0 0 0 4/6 9:56 0:26 0:43
Mark Fraser 0 1 1 -1 2 0 3 1 0 0 0/0 29:06 5:17 3:56
Nikita Kucherov 1 1 2 -1 2 5 1 1 1 0 0/1 19:26 4:24 0:00
Olli Maatta 0 0 0 -1 0 1 2 1 0 0 0/0 15:38 2:53 0:57
Pavel Valentenko 0 0 0 1 0 1 4 1 0 0 0/0 20:29 0:00 2:39
Pierre-Cédric Labrie 0 0 0 0 0 1 2 1 1 1 0/1 13:21 0:26 2:17
Stefan Matteau 0 0 0 0 0 1 0 0 0 0 4/8 9:27 0:00 0:03
Steve Quailer 0 0 0 0 0 0 1 0 0 0 0/0 9:28 0:00 0:00
Taylor Beck 0 1 1 0 0 2 2 1 0 0 6/9 15:50 4:16 1:47
Tim Schaller 0 0 0 0 2 2 0 1 1 1 5/15 18:02 3:28 3:23
Tyler Bozak 0 1 1 -1 0 4 1 1 0 0 7/20 20:52 0:00 2:17
Players Stats for Harfangs
Player Name G A P +/- PIM S H SB GA TA FO MP PP MP PK MP
------------------------------------------------------------------------------------
Andreas Martinsen 0 0 0 0 0 1 2 1 0 0 0/0 13:51 0:00 3:27
Brandon Pirri 0 0 0 -1 0 0 0 1 0 0 0/0 14:22 3:16 0:00
Calle Jarnkrok 0 0 0 0 0 0 0 0 0 0 2/3 10:01 0:00 0:00
Cody Eakin 1 1 2 2 0 3 1 0 2 0 21/36 26:03 4:40 4:40
Colton Sissons 0 0 0 0 0 2 1 0 0 0 2/5 9:09 0:00 1:04
Cristoval Nieves 0 0 0 0 0 0 0 0 0 0 1/1 1:01 0:00 0:00
Dennis Everberg 0 0 0 0 0 2 1 0 0 1 0/0 10:01 0:00 0:00
Dustin Jeffrey 0 0 0 -1 2 0 3 0 0 0 1/3 17:30 3:16 1:11
Dylan Olsen 0 0 0 -1 2 0 2 0 0 1 0/0 23:36 2:15 3:22
Jake Dotchin 0 0 0 0 0 0 1 0 0 1 0/0 12:03 0:33 1:05
Jean-Gabriel Pageau 0 0 0 -1 4 2 2 0 0 0 6/10 19:57 3:16 2:28
Joel Armia 0 0 0 0 0 2 0 0 0 0 0/0 8:05 0:00 0:00
John Macfarland 0 0 0 0 0 0 0 0 0 0 0/0 2:41 0:00 1:40
Jujhar Khaira 0 0 0 0 0 0 2 0 1 0 0/0 8:05 0:00 0:00
Mark Alt 0 0 0 0 0 0 0 2 0 0 0/0 10:58 0:33 0:00
Nathan Beaulieu 0 0 0 2 0 2 1 4 1 3 0/0 30:43 5:08 4:54
Nick Holden 0 0 0 -1 0 2 1 4 0 1 0/0 23:19 2:15 3:16
Tomas Kubalik 1 1 2 2 0 5 1 0 0 0 0/2 18:31 4:40 0:00
Victor Bartley 0 0 0 2 2 2 2 2 0 1 0/0 29:31 5:08 3:43
Vojtech Polak 0 2 2 2 0 8 3 0 0 0 4/5 22:19 4:40 1:50
3 Stars
1 - Tomas Kubalik (BEA)
2 - Cody Eakin (BEA)
3 - Vojtech Polak (BEA)
Power Play
Diables - 1 on 5 Attempt(s) - 20.00%
Harfangs - 0 on 4 Attempt(s) - 0.00%
Penalty Kill
Diables - 4 on 4 Attempt(s) - 100.00%
- Score 0 goal in Penalty Kill
Harfangs - 4 on 5 Attempt(s) - 80.00%
- Score 0 goal in Penalty Kill
Team Stat
Diables - Hits : 28 - Faceoff Wins : 28 - Blocked Shots : 17 - Penalty Minutes : 8
Harfangs - Hits : 23 - Faceoff Wins : 37 - Blocked Shots : 14 - Penalty Minutes : 10
Official
Referees : Martell Rob and Morton Dean
Linesman : Pierre Racicot and Brad Kovachik
Game Notes
No Game Note
Finance
Level 1 -- Attendance: 1402 (70.10%) -- Ticket Income $47,668
Level 2 -- Attendance: 732 (73.20%) -- Ticket Income $13,908
Total Attendance: 2134 (71.13%)
Total Ticket Income: $61,576
Other Income: $3,079
Total Income: $64,655
Diables
5 vs 5 Forward
Center Left Wing Right Wing Time % Phy DF OF
1 Tyler Bozak Brandon Prust Nikita Kucherov 40 1 2 2
2 Tim Schaller Alexandre Burrows Steve Quailer 30 1 2 2
3 Stefan Matteau Taylor Beck Craig Smith 20 1 2 2
4 Louis Leblanc Pierre-Cédric Labrie Jordan Szwarz 10 1 2 2
5 vs 5 Defense
Defense Defense Time % Phy DF OF
1 Mark Fraser Jon Merrill 40 1 2 2
2 Pavel Valentenko Brian Dumoulin 30 1 2 2
3 Jamie Oleksiak Olli Maatta 20 1 2 2
4 Jamie Oleksiak Olli Maatta 10 1 2 2
PowerPlay Forward
Center Left Wing Right Wing Time % Phy DF OF
1 Taylor Beck Alexandre Burrows Nikita Kucherov 60 1 2 2
2 Tim Schaller Brandon Prust Craig Smith 40 1 2 2
PowerPlay Defense
Defense Defense Time % Phy DF OF
1 Mark Fraser Brian Dumoulin 60 1 2 2
2 Olli Maatta Jon Merrill 40 1 2 2
Penalty Kill 4 Players Forward
Center Wing Time % Phy DF OF
1 Tim Schaller Craig Smith 60 1 2 2
2 Tyler Bozak Pierre-Cédric Labrie 40 1 2 2
Penalty Kill 4 Players Defense
Defense Defense Time % Phy DF OF
1 Mark Fraser Jon Merrill 60 1 2 2
2 Pavel Valentenko Jon Merrill 40 1 2 2
Penalty Kill - 3 Players Forward
Forward Time % Phy DF OF
1 Brandon Prust 60 1 2 2
2 Tim Schaller 40 1 2 2
Penalty Kill - 3 Players Defense
Defense Defense Time % Phy DF OF
1 Mark Fraser Pavel Valentenko 60 1 2 2
2 Olli Maatta Jon Merrill 40 1 2 2
4 vs 4 Forward
Center Wing Time % Phy DF OF
1 Tyler Bozak Alexandre Burrows 60 1 2 2
2 Tim Schaller Brandon Prust 40 1 2 2
4 vs 4 Defense
Defense Defense Time % Phy DF OF
1 Mark Fraser Brian Dumoulin 60 1 2 2
2 Pavel Valentenko Jon Merrill 40 1 2 2
Last Minutes Offensive
Center Left Wing Right Wing Defense Defense
Tyler Bozak Brandon Prust Craig Smith Brian Dumoulin Jon Merrill
Last Minutes Defensive
Center Left Wing Right Wing Defense Defense
Tyler Bozak Brandon Prust Craig Smith Mark Fraser Jon Merrill
Goaltenders
Starting : Matt Murray
Backup : Jean-Francois Berube
Extra Forwards
Normal : Craig Smith, Nikita Kucherov, Taylor Beck - PP : Craig Smith, Nikita Kucherov - PK : Taylor Beck
Extra Defensemen
Normal : Brian Dumoulin, Jamie Oleksiak, Olli Maatta - PP : Brian Dumoulin - PK : Jamie Oleksiak, Olli Maatta
Penalty Shots
Nikita Kucherov, Tyler Bozak, Alexandre Burrows, Pierre-Cédric Labrie, Tim Schaller
Scratches
Gemel Smith (Healthy), Matt Lindblad (Healthy), Christian Thomas (Healthy), Kyle Chipchura (Healthy), Borna Rendulic (Healthy)
Adam Clendening (Healthy), Eric Karlsson (Healthy), Brett Ritchie (Healthy), Blake Coleman (Healthy), Daniel Zaar (Healthy)
Andrew O'Brien (Healthy), Keith Seabrook (Healthy), Marc-André Bourdon (Healthy), Linus Ullmark (Healthy)
Harfangs
5 vs 5 Forward
Center Left Wing Right Wing Time % Phy DF OF
1 Cody Eakin Vojtech Polak Tomas Kubalik 40 1 2 2
2 Jean-Gabriel Pageau Dustin Jeffrey Brandon Pirri 30 1 2 2
3 Calle Jarnkrok Andreas Martinsen Dennis Everberg 20 1 2 2
4 Colton Sissons Jujhar Khaira Joel Armia 10 1 2 2
5 vs 5 Defense
Defense Defense Time % Phy DF OF
1 Victor Bartley Nathan Beaulieu 40 1 2 2
2 Dylan Olsen Nick Holden 30 1 2 2
3 Mark Alt Jake Dotchin 20 1 2 2
4 Victor Bartley Nathan Beaulieu 10 1 2 2
PowerPlay Forward
Center Left Wing Right Wing Time % Phy DF OF
1 Cody Eakin Vojtech Polak Tomas Kubalik 60 1 2 2
2 Jean-Gabriel Pageau Dustin Jeffrey Brandon Pirri 40 1 2 2
PowerPlay Defense
Defense Defense Time % Phy DF OF
1 Victor Bartley Nathan Beaulieu 60 1 2 2
2 Dylan Olsen Nick Holden 40 1 2 2
Penalty Kill 4 Players Forward
Center Wing Time % Phy DF OF
1 Cody Eakin Jean-Gabriel Pageau 60 1 2 2
2 Vojtech Polak Dustin Jeffrey 40 1 2 2
Penalty Kill 4 Players Defense
Defense Defense Time % Phy DF OF
1 Victor Bartley Nathan Beaulieu 60 1 2 2
2 Dylan Olsen Nick Holden 40 1 2 2
Penalty Kill - 3 Players Forward
Forward Time % Phy DF OF
1 Cody Eakin 60 1 2 2
2 Jean-Gabriel Pageau 40 1 2 2
Penalty Kill - 3 Players Defense
Defense Defense Time % Phy DF OF
1 Victor Bartley Nathan Beaulieu 60 1 2 2
2 Dylan Olsen Nick Holden 40 1 2 2
4 vs 4 Forward
Center Wing Time % Phy DF OF
1 Cody Eakin Jean-Gabriel Pageau 60 1 2 2
2 Vojtech Polak Dustin Jeffrey 40 1 2 2
4 vs 4 Defense
Defense Defense Time % Phy DF OF
1 Victor Bartley Nathan Beaulieu 60 1 2 2
2 Dylan Olsen Nick Holden 40 1 2 2
Last Minutes Offensive
Center Left Wing Right Wing Defense Defense
Cody Eakin Vojtech Polak Tomas Kubalik Victor Bartley Nathan Beaulieu
Last Minutes Defensive
Center Left Wing Right Wing Defense Defense
Cody Eakin Vojtech Polak Tomas Kubalik Victor Bartley Nathan Beaulieu
Goaltenders
Starting : Andrew Hammond
Backup : Mark Visentin
Extra Forwards
Normal : Cristoval Nieves, John Macfarland, Andreas Martinsen - PP : Cristoval Nieves, John Macfarland - PK : Andreas Martinsen
Extra Defensemen
Normal : Mark Alt, Jake Dotchin, Dylan Olsen - PP : Mark Alt - PK : Jake Dotchin, Dylan Olsen
Penalty Shots
Cody Eakin, Jean-Gabriel Pageau, Vojtech Polak, Dustin Jeffrey, Tomas Kubalik
Scratches
Brenden Kichton (Healthy), Sebastian Wannstrom (Healthy), Reid McNeill (Healthy), Brendan Leipsic (Healthy), Alex Plante (Healthy)
Angelo Esposito (Healthy), Michal Repik (Healthy), Anton Forsberg (Healthy), Jason Kasdorf (Healthy), Scott Wedgewood (Healthy)
% Time on Ice - Diables
Lines # - Real PCT - Wanted PCT - Time Play
Normal Forward
1 - 32% - 40% - 13:32
2 - 27% - 30% - 11:34
3 - 22% - 20% - 9:24
4 - 20% - 10% - 8:25
Normal Defense
1 - 37% - 40% - 16:04
2 - 35% - 30% - 15:14
3 - 20% - 20% - 8:44
4 - 7% - 10% - 2:53
PP Forward
1 - 58% - 60% - 4:42
2 - 42% - 40% - 3:28
PP Defense
1 - 65% - 60% - 5:17
2 - 35% - 40% - 2:53
PK Forward
1 - 71% - 60% - 5:39
2 - 29% - 40% - 2:17
PK Defense
1 - 67% - 60% - 5:17
2 - 33% - 40% - 2:39
PK3 Forward
1 - 0% - 60%
2 - 0% - 40%
PK3 Defense
1 - 0% - 60%
2 - 0% - 40%
44 Forward
1 - 77% - 60% - 3:52
2 - 23% - 40% - 1:08
44 Defense
1 - 59% - 60% - 2:57
2 - 41% - 40% - 2:03
Last Minute Offensive - 0:00
Last Minute Defensive - 0:59
Total
Forward - 65:00
Defense - 65:00
|
% Time on Ice - Harfangs
Lines # - Real PCT - Wanted PCT - Time Play
Normal Forward
1 - 30% - 40% - 13:09
2 - 28% - 30% - 11:57
3 - 23% - 20% - 10:01
4 - 19% - 10% - 8:05
Normal Defense
1 - 39% - 40% - 17:03
2 - 36% - 30% - 15:44
3 - 24% - 20% - 10:25
4 - 0% - 10% - 0:00
PP Forward
1 - 59% - 60% - 4:40
2 - 41% - 40% - 3:16
PP Defense
1 - 72% - 60% - 5:41
2 - 28% - 40% - 2:15
PK Forward
1 - 78% - 60% - 6:20
2 - 22% - 40% - 1:50
PK Defense
1 - 60% - 60% - 4:54
2 - 40% - 40% - 3:16
PK3 Forward
1 - 0% - 60%
2 - 0% - 40%
PK3 Defense
1 - 0% - 60%
2 - 0% - 40%
44 Forward
1 - 78% - 60% - 3:53
2 - 22% - 40% - 1:07
44 Defense
1 - 59% - 60% - 2:56
2 - 41% - 40% - 2:04
Last Minute Offensive - 0:42
Last Minute Defensive - 0:00
Total
Forward - 65:00
Defense - 65:00
|
Play by Play
1st period
0:01 of 1st period - Cody Eakin wins face-off versus Brandon Prust in neutral zone.
0:05 of 1st period - Off-side.
0:06 of 1st period - Tyler Bozak wins face-off versus Cody Eakin in neutral zone.
0:19 of 1st period - Wrist shot by Vojtech Polak.
0:19 of 1st period - Stopped by Matt Murray with a rebound.
0:59 of 1st period - Wrist shot by Craig Smith.
0:59 of 1st period - Deflect By Stefan Matteau.
0:59 of 1st period - Stopped by Andrew Hammond without a rebound.
1:00 of 1st period - Louis Leblanc wins face-off versus Colton Sissons in Harfangs zone.
2:11 of 1st period - Wrist shot by Andreas Martinsen.
2:11 of 1st period - Shot Misses the Net.
3:00 of 1st period - Minor Penalty to Mark Fraser for Hooking.
3:01 of 1st period - Vojtech Polak wins face-off versus Tim Schaller in Diables zone.
4:49 of 1st period - Brian Dumoulin is hit by Vojtech Polak and loses puck.
5:00 of 1st period - Penalty to Mark Fraser is over, Mark Fraser is back on ice.
5:04 of 1st period - Craig Smith is hit by Jean-Gabriel Pageau and loses puck.
5:19 of 1st period - Snap shot by Nikita Kucherov.
5:19 of 1st period - Shot Misses the Net.
5:29 of 1st period - Tim Schaller is hit by Dylan Olsen and loses puck.
6:11 of 1st period - Snap shot by Tyler Bozak.
6:11 of 1st period - Stopped by Andrew Hammond without a rebound.
6:12 of 1st period - Brandon Prust wins face-off versus Dustin Jeffrey in Harfangs zone.
7:20 of 1st period - Wrist shot by Joel Armia.
7:20 of 1st period - Stopped by Matt Murray with a rebound.
7:54 of 1st period - Tomas Kubalik is hit by Craig Smith and loses puck.
8:27 of 1st period - Minor Penalty to Brian Dumoulin for Roughing.
8:28 of 1st period - Tim Schaller wins face-off versus Cody Eakin in Diables zone.
10:27 of 1st period - Penalty to Brian Dumoulin is over, Brian Dumoulin is back on ice.
10:51 of 1st period - Nick Holden is hit by Olli Maatta and loses puck.
12:05 of 1st period - Wrist shot by Pierre-Cédric Labrie.
12:05 of 1st period - Stopped by Andrew Hammond without a rebound.
12:06 of 1st period - Cody Eakin wins face-off versus Stefan Matteau in Harfangs zone.
12:47 of 1st period - Minor Penalty to Tim Schaller for Cross-checking.
12:48 of 1st period - Cody Eakin wins face-off versus Taylor Beck in Diables zone.
13:13 of 1st period - Craig Smith is hit by Vojtech Polak and loses puck.
13:43 of 1st period - Snap shot by Vojtech Polak.
13:43 of 1st period - Stopped by Matt Murray without a rebound.
13:44 of 1st period - Louis Leblanc wins face-off versus Dustin Jeffrey in Diables zone.
14:47 of 1st period - Penalty to Tim Schaller is over, Tim Schaller is back on ice.
15:42 of 1st period - Snap shot by Steve Quailer.
15:42 of 1st period - Shot Blocked by Mark Alt.
16:28 of 1st period - Dylan Olsen is hit by Tyler Bozak and loses puck.
17:43 of 1st period - Wrist shot by Andreas Martinsen.
17:43 of 1st period - Shot Blocked by Mark Fraser.
17:49 of 1st period - Andreas Martinsen is hit by Mark Fraser and loses puck.
18:49 of 1st period - Jamie Oleksiak is hit by Jujhar Khaira.
18:53 of 1st period - Jamie Oleksiak is hit by Nick Holden and loses puck.
19:00 of 1st period - Snap shot by Joel Armia.
19:00 of 1st period - Stopped by Matt Murray without a rebound.
19:01 of 1st period - Tim Schaller wins face-off versus Cody Eakin in Diables zone.
19:40 of 1st period - Jon Merrill is hit by Dustin Jeffrey and loses puck.
Goals for this period are 0 for Diables vs 0 for Harfangs.
Shots for this period are 3 for Diables vs 4 for Harfangs.
2nd period
0:01 of 2nd period - Tyler Bozak wins face-off versus Cody Eakin in neutral zone.
0:10 of 2nd period - Wrist shot by Brandon Prust.
0:10 of 2nd period - Stopped by Andrew Hammond with a rebound.
0:12 of 2nd period - Slapshot by Jon Merrill.
0:12 of 2nd period - Shot Misses the Net.
0:14 of 2nd period - Wrist shot by Brandon Prust.
0:14 of 2nd period - Shot Blocked by Victor Bartley.
0:16 of 2nd period - Snap shot by Tyler Bozak.
0:16 of 2nd period - Stopped by Andrew Hammond with a rebound.
0:26 of 2nd period - Taylor Beck is hit by Dustin Jeffrey and loses puck.
1:11 of 2nd period - Slapshot by Jordan Szwarz.
1:11 of 2nd period - Shot Blocked by Andreas Martinsen.
1:23 of 2nd period - Snap shot by Jordan Szwarz.
1:23 of 2nd period - Shot Misses the Net.
2:16 of 2nd period - Joel Armia is hit by Alexandre Burrows.
2:25 of 2nd period - Jujhar Khaira is hit by Steve Quailer and loses puck.
3:01 of 2nd period - Icing by Nikita Kucherov.
3:02 of 2nd period - Jean-Gabriel Pageau wins face-off versus Tyler Bozak in Diables zone.
3:11 of 2nd period - Snap shot by Jean-Gabriel Pageau.
3:11 of 2nd period - Shot Misses the Net.
3:19 of 2nd period - Snap shot by Nikita Kucherov.
3:19 of 2nd period - Shot Hit the Post.
3:21 of 2nd period - Slapshot by Pavel Valentenko.
3:21 of 2nd period - Shot Blocked by Brandon Pirri.
3:23 of 2nd period - Wrist shot by Brian Dumoulin.
3:23 of 2nd period - Deflect By Tyler Bozak.
3:23 of 2nd period - Stopped by Andrew Hammond without a rebound.
3:24 of 2nd period - Cody Eakin wins face-off versus Tim Schaller in Harfangs zone.
3:49 of 2nd period - Victor Bartley is hit by Jon Merrill and loses puck.
4:15 of 2nd period - Wrist shot by Craig Smith.
4:15 of 2nd period - Shot Blocked by Nick Holden.
4:19 of 2nd period - Slapshot by Craig Smith.
4:19 of 2nd period - Shot Blocked by Nick Holden.
4:33 of 2nd period - Snap shot by Jordan Szwarz.
4:33 of 2nd period - Stopped by Andrew Hammond without a rebound.
4:34 of 2nd period - Cody Eakin wins face-off versus Pierre-Cédric Labrie in Harfangs zone.
4:53 of 2nd period - Minor Penalty to Victor Bartley for Interference.
4:54 of 2nd period - Cody Eakin wins face-off versus Alexandre Burrows in Harfangs zone.
5:03 of 2nd period - Wrist shot by Nikita Kucherov.
5:03 of 2nd period - Shot Misses the Net.
5:48 of 2nd period - Olli Maatta is hit by Andreas Martinsen.
6:04 of 2nd period - Tim Schaller is hit by Vojtech Polak and loses puck.
6:53 of 2nd period - Penalty to Victor Bartley is over, Victor Bartley is back on ice.
6:53 of 2nd period - Nathan Beaulieu is hit by Mark Fraser and loses puck.
7:04 of 2nd period - Minor Penalty to Dustin Jeffrey for Delaying the game.
7:05 of 2nd period - Taylor Beck wins face-off versus Cody Eakin in Harfangs zone.
7:40 of 2nd period - Icing by Tim Schaller.
7:41 of 2nd period - Vojtech Polak wins face-off versus Tim Schaller in Diables zone.
7:50 of 2nd period - Snap shot by Tim Schaller.
7:50 of 2nd period - Deflect By Brandon Prust.
7:50 of 2nd period - Shot Misses the Net.
7:50 of 2nd period - Puck is out of play.
7:51 of 2nd period - Taylor Beck wins face-off versus Cody Eakin in Harfangs zone.
8:02 of 2nd period - Snap shot by Nikita Kucherov.
8:02 of 2nd period - Shot Misses the Net.
8:04 of 2nd period - Wrist shot by Taylor Beck.
8:04 of 2nd period - Stopped by Andrew Hammond without a rebound.
8:05 of 2nd period - Cody Eakin wins face-off versus Taylor Beck in Harfangs zone.
9:04 of 2nd period - Penalty to Dustin Jeffrey is over, Dustin Jeffrey is back on ice.
9:48 of 2nd period - Dustin Jeffrey is hit by Craig Smith.
10:22 of 2nd period - Wrist shot by Jordan Szwarz.
10:22 of 2nd period - Stopped by Andrew Hammond without a rebound.
10:23 of 2nd period - Cody Eakin wins face-off versus Louis Leblanc in Harfangs zone.
10:28 of 2nd period - Vojtech Polak is hit by Jon Merrill and loses puck.
10:56 of 2nd period - Slapshot by Pierre-Cédric Labrie.
10:56 of 2nd period - Deflect By Jordan Szwarz.
10:56 of 2nd period - Stopped by Andrew Hammond without a rebound.
10:57 of 2nd period - Jean-Gabriel Pageau wins face-off versus Tyler Bozak in Harfangs zone.
10:59 of 2nd period - Double Minor Penalty to Jean-Gabriel Pageau for Slashing.
11:00 of 2nd period - Taylor Beck wins face-off versus Cody Eakin in Harfangs zone.
11:04 of 2nd period - Snap shot by Alexandre Burrows.
11:04 of 2nd period - Deflect By Nikita Kucherov.
11:04 of 2nd period - Stopped by Andrew Hammond without a rebound.
11:05 of 2nd period - Taylor Beck wins face-off versus Cody Eakin in Harfangs zone.
11:43 of 2nd period - Icing by Brian Dumoulin.
11:44 of 2nd period - Brandon Prust wins face-off versus Colton Sissons in Diables zone.
11:50 of 2nd period - Off-side.
11:51 of 2nd period - Taylor Beck wins face-off versus Cody Eakin in neutral zone.
11:57 of 2nd period - Wrist shot by Taylor Beck.
11:57 of 2nd period - Deflect By Alexandre Burrows.
11:57 of 2nd period - Shot Misses the Net.
11:57 of 2nd period - Puck is out of play.
11:58 of 2nd period - Cody Eakin wins face-off versus Taylor Beck in Harfangs zone.
12:07 of 2nd period - Cody Eakin is hit by Jon Merrill and loses puck.
12:12 of 2nd period - Snap shot by Alexandre Burrows.
12:12 of 2nd period - Shot Misses the Net.
12:14 of 2nd period - Wrist shot by Nikita Kucherov.
12:14 of 2nd period - Shot Blocked by Nathan Beaulieu.
12:24 of 2nd period - Victor Bartley is hit by Olli Maatta and loses puck.
12:55 of 2nd period - Nikita Kucherov is hit by Dylan Olsen and loses puck.
13:04 of 2nd period - Wrist shot by Colton Sissons.
13:04 of 2nd period - Stopped by Matt Murray with a rebound.
13:06 of 2nd period - Slapshot by Nathan Beaulieu.
13:06 of 2nd period - Stopped by Matt Murray with a rebound.
13:32 of 2nd period - Snap shot by Vojtech Polak.
13:32 of 2nd period - Stopped by Matt Murray without a rebound.
13:33 of 2nd period - Tim Schaller wins face-off versus Cody Eakin in Diables zone.
14:14 of 2nd period - Craig Smith is hit by Dustin Jeffrey.
14:38 of 2nd period - Pierre-Cédric Labrie is hit by Colton Sissons and loses puck.
14:59 of 2nd period - Penalty to Jean-Gabriel Pageau is over, Jean-Gabriel Pageau is back on ice.
15:17 of 2nd period - Icing by Jean-Gabriel Pageau.
15:18 of 2nd period - Tim Schaller wins face-off versus Colton Sissons in Harfangs zone.
15:19 of 2nd period - Slapshot by Steve Quailer.
15:19 of 2nd period - Deflect By Tim Schaller.
15:19 of 2nd period - Stopped by Andrew Hammond without a rebound.
15:20 of 2nd period - Colton Sissons wins face-off versus Tim Schaller in Harfangs zone.
15:20 of 2nd period - Colton Sissons is hit by Pavel Valentenko.
15:25 of 2nd period - Off-side.
15:26 of 2nd period - Tyler Bozak wins face-off versus Cody Eakin in neutral zone.
15:37 of 2nd period - Snap shot by Vojtech Polak.
15:37 of 2nd period - Shot Misses the Net.
16:16 of 2nd period - Nick Holden is hit by Louis Leblanc.
16:38 of 2nd period - Wrist shot by Dennis Everberg.
16:38 of 2nd period - Stopped by Matt Murray without a rebound.
16:39 of 2nd period - Cody Eakin wins face-off versus Tyler Bozak in Diables zone.
16:40 of 2nd period - Snap shot by Vojtech Polak.
16:40 of 2nd period - Stopped by Matt Murray with a rebound.
16:46 of 2nd period - Wrist shot by Nikita Kucherov.
16:46 of 2nd period - Stopped by Andrew Hammond without a rebound.
16:47 of 2nd period - Cody Eakin wins face-off versus Tyler Bozak in Harfangs zone.
16:47 of 2nd period - Cody Eakin is hit by Brandon Prust.
16:59 of 2nd period - Wrist shot by Tomas Kubalik.
16:59 of 2nd period - Stopped by Matt Murray with a rebound.
17:01 of 2nd period - Wrist shot by Tomas Kubalik.
17:01 of 2nd period - Stopped by Matt Murray with a rebound.
17:03 of 2nd period - Slapshot by Victor Bartley.
17:03 of 2nd period - Shot Blocked by Jamie Oleksiak.
17:05 of 2nd period - Wrist shot by Vojtech Polak.
17:05 of 2nd period - Shot Hit the Post.
17:07 of 2nd period - Wrist shot by Cody Eakin.
17:07 of 2nd period - Shot Misses the Net.
17:09 of 2nd period - Wrist shot by Tomas Kubalik.
17:09 of 2nd period - Shot Misses the Net.
17:11 of 2nd period - Slapshot by Vojtech Polak.
17:11 of 2nd period - Stopped by Matt Murray with a rebound.
17:13 of 2nd period - Snap shot by Cody Eakin.
17:13 of 2nd period - Shot Misses the Net.
17:15 of 2nd period - Snap shot by Vojtech Polak.
17:15 of 2nd period - Shot Blocked by Olli Maatta.
17:17 of 2nd period - Slapshot by Nathan Beaulieu.
17:17 of 2nd period - Stopped by Matt Murray without a rebound.
17:18 of 2nd period - Jean-Gabriel Pageau wins face-off versus Tim Schaller in Diables zone.
17:22 of 2nd period - Icing by Alexandre Burrows.
17:23 of 2nd period - Dustin Jeffrey wins face-off versus Tim Schaller in Diables zone.
17:30 of 2nd period - Wrist shot by Dustin Jeffrey.
17:30 of 2nd period - Shot Blocked by Alexandre Burrows.
17:32 of 2nd period - Slapshot by Dylan Olsen.
17:32 of 2nd period - Shot Blocked by Tim Schaller.
17:34 of 2nd period - Slapshot by Jean-Gabriel Pageau.
17:34 of 2nd period - Shot Blocked by Jon Merrill.
17:36 of 2nd period - Slapshot by Brandon Pirri.
17:36 of 2nd period - Shot Misses the Net.
17:50 of 2nd period - Wrist shot by Brandon Prust.
17:50 of 2nd period - Shot Misses the Net.
17:52 of 2nd period - Slapshot by Mark Fraser.
17:52 of 2nd period - Shot Blocked by Nick Holden.
17:58 of 2nd period - Snap shot by Brandon Prust.
17:58 of 2nd period - Stopped by Andrew Hammond without a rebound.
17:59 of 2nd period - Jean-Gabriel Pageau wins face-off versus Stefan Matteau in Harfangs zone.
17:59 of 2nd period - Jean-Gabriel Pageau is hit by Taylor Beck.
18:02 of 2nd period - Victor Bartley is hit by Taylor Beck and loses puck.
18:32 of 2nd period - Snap shot by Dennis Everberg.
18:32 of 2nd period - Shot Misses the Net.
18:34 of 2nd period - Snap shot by Dennis Everberg.
18:34 of 2nd period - Stopped by Matt Murray with a rebound.
18:36 of 2nd period - Snap shot by Calle Jarnkrok.
18:36 of 2nd period - Shot Blocked by Pavel Valentenko.
18:38 of 2nd period - Wrist shot by Victor Bartley.
18:38 of 2nd period - Stopped by Matt Murray without a rebound.
18:39 of 2nd period - Cody Eakin wins face-off versus Tyler Bozak in Diables zone.
18:50 of 2nd period - Slapshot by Vojtech Polak.
18:50 of 2nd period - Shot Misses the Net.
18:52 of 2nd period - Snap shot by Cody Eakin.
18:52 of 2nd period - Stopped by Matt Murray with a rebound.
18:54 of 2nd period - Snap shot by Tomas Kubalik.
18:54 of 2nd period - Stopped by Matt Murray with a rebound.
19:00 of 2nd period - Minor Penalty to Nikita Kucherov for Boarding.
19:01 of 2nd period - Cody Eakin wins face-off versus Tim Schaller in Diables zone.
Goals for this period are 0 for Diables vs 0 for Harfangs.
Shots for this period are 11 for Diables vs 13 for Harfangs.
3rd period
0:01 of 3rd period - Tim Schaller wins face-off versus Cody Eakin in neutral zone.
0:28 of 3rd period - Snap shot by Pierre-Cédric Labrie.
0:28 of 3rd period - Shot Misses the Net.
0:54 of 3rd period - Slapshot by Nathan Beaulieu.
0:54 of 3rd period - Shot Blocked by Jon Merrill.
0:56 of 3rd period - Backhand shot by Victor Bartley.
0:56 of 3rd period - Shot Blocked by Jon Merrill.
0:58 of 3rd period - Slapshot by Nathan Beaulieu.
0:58 of 3rd period - Shot Misses the Net.
1:00 of 3rd period - Penalty to Nikita Kucherov is over, Nikita Kucherov is back on ice.
1:16 of 3rd period - Snap shot by Brandon Prust.
1:16 of 3rd period - Stopped by Andrew Hammond without a rebound.
1:17 of 3rd period - Tyler Bozak wins face-off versus Jean-Gabriel Pageau in Harfangs zone.
1:30 of 3rd period - Slapshot by Jean-Gabriel Pageau.
1:30 of 3rd period - Shot Blocked by Brandon Prust.
1:32 of 3rd period - Slapshot by Jake Dotchin.
1:32 of 3rd period - Shot Blocked by Nikita Kucherov.
1:42 of 3rd period - Dennis Everberg is hit by Pierre-Cédric Labrie and loses puck.
2:36 of 3rd period - Snap shot by Olli Maatta.
2:36 of 3rd period - Stopped by Andrew Hammond with a rebound.
2:56 of 3rd period - Victor Bartley is hit by Brandon Prust and loses puck.
3:27 of 3rd period - Calle Jarnkrok is hit by Pierre-Cédric Labrie and loses puck.
3:40 of 3rd period - Wrist shot by Nathan Beaulieu.
3:40 of 3rd period - Deflect By Vojtech Polak.
3:40 of 3rd period - Stopped by Matt Murray with a rebound.
3:55 of 3rd period - Brian Dumoulin is hit by Jean-Gabriel Pageau and loses puck.
4:16 of 3rd period - Jujhar Khaira is hit by Pavel Valentenko and loses puck.
5:11 of 3rd period - Snap shot by Joel Armia.
5:11 of 3rd period - Shot Misses the Net.
5:21 of 3rd period - Snap shot by Jujhar Khaira.
5:21 of 3rd period - Shot Misses the Net.
5:35 of 3rd period - Snap shot by Nikita Kucherov.
5:35 of 3rd period - Shot Misses the Net.
5:37 of 3rd period - Wrist shot by Nikita Kucherov.
5:37 of 3rd period - Stopped by Andrew Hammond with a rebound.
5:39 of 3rd period - Slapshot by Brian Dumoulin.
5:39 of 3rd period - Shot Misses the Net.
5:41 of 3rd period - Wrist shot by Tyler Bozak.
5:41 of 3rd period - Shot Blocked by Nick Holden.
5:53 of 3rd period - Backhand shot by Cody Eakin.
5:53 of 3rd period - Shot Blocked by Pierre-Cédric Labrie.
6:12 of 3rd period - Slapshot by Taylor Beck.
6:12 of 3rd period - Shot Misses the Net.
6:14 of 3rd period - Wrist shot by Taylor Beck.
6:14 of 3rd period - Deflect By Craig Smith.
6:14 of 3rd period - Stopped by Andrew Hammond without a rebound.
6:15 of 3rd period - Stefan Matteau wins face-off versus Jean-Gabriel Pageau in Harfangs zone.
6:18 of 3rd period - Wrist shot by Taylor Beck.
6:18 of 3rd period - Shot Blocked by Mark Alt.
6:24 of 3rd period - Snap shot by Brandon Pirri.
6:24 of 3rd period - Shot Misses the Net.
6:26 of 3rd period - Slapshot by Dustin Jeffrey.
6:26 of 3rd period - Shot Blocked by Taylor Beck.
6:40 of 3rd period - Nikita Kucherov is hit by Nathan Beaulieu and loses puck.
6:49 of 3rd period - Brandon Prust is hit by Andreas Martinsen and loses puck.
7:04 of 3rd period - Louis Leblanc is hit by Tomas Kubalik and loses puck.
7:44 of 3rd period - Stefan Matteau is hit by Jake Dotchin and loses puck.
8:23 of 3rd period - Off-side.
8:24 of 3rd period - Louis Leblanc wins face-off versus Jean-Gabriel Pageau in neutral zone.
8:33 of 3rd period - Wrist shot by Dustin Jeffrey.
8:33 of 3rd period - Deflect By Brandon Pirri.
8:33 of 3rd period - Shot Misses the Net.
8:33 of 3rd period - Puck is out of play.
8:34 of 3rd period - Cody Eakin wins face-off versus Tyler Bozak in Diables zone.
8:35 of 3rd period - Snap shot by Tomas Kubalik.
8:35 of 3rd period - Shot Blocked by Jamie Oleksiak.
8:37 of 3rd period - Snap shot by Vojtech Polak.
8:37 of 3rd period - Deflect By Cody Eakin.
8:37 of 3rd period - Stopped by Matt Murray with a rebound.
8:39 of 3rd period - Backhand shot by Cody Eakin.
8:39 of 3rd period - Shot Misses the Net.
8:41 of 3rd period - Snap shot by Tomas Kubalik.
8:41 of 3rd period - Shot Misses the Net.
8:43 of 3rd period - Snap shot by Tomas Kubalik.
8:43 of 3rd period - Shot Hit the Post.
8:45 of 3rd period - Snap shot by Cody Eakin.
8:45 of 3rd period - Goal by Cody Eakin - Diables : 0 - Harfangs : 1.
8:46 of 3rd period - Cody Eakin wins face-off versus Tyler Bozak in neutral zone.
8:49 of 3rd period - Mark Fraser is hit by Cody Eakin and loses puck.
9:12 of 3rd period - Dustin Jeffrey is hit by Mark Fraser and loses puck.
9:23 of 3rd period - Slapshot by Alexandre Burrows.
9:23 of 3rd period - Stopped by Andrew Hammond with a rebound.
9:25 of 3rd period - Snap shot by Alexandre Burrows.
9:25 of 3rd period - Deflect By Tim Schaller.
9:25 of 3rd period - Stopped by Andrew Hammond without a rebound.
9:26 of 3rd period - Stefan Matteau wins face-off versus Cody Eakin in Harfangs zone.
9:29 of 3rd period - Wrist shot by Craig Smith.
9:29 of 3rd period - Shot Misses the Net.
9:31 of 3rd period - Slapshot by Brian Dumoulin.
9:31 of 3rd period - Shot Blocked by Nathan Beaulieu.
9:35 of 3rd period - Slapshot by Taylor Beck.
9:35 of 3rd period - Stopped by Andrew Hammond with a rebound.
9:37 of 3rd period - Slapshot by Brian Dumoulin.
9:37 of 3rd period - Shot Blocked by Nathan Beaulieu.
9:51 of 3rd period - Nikita Kucherov is hit by Victor Bartley and loses puck.
10:29 of 3rd period - Icing by Andreas Martinsen.
10:30 of 3rd period - Colton Sissons wins face-off versus Louis Leblanc in Harfangs zone.
10:45 of 3rd period - Slapshot by Victor Bartley.
10:45 of 3rd period - Shot Misses the Net.
10:57 of 3rd period - Snap shot by Dustin Jeffrey.
10:57 of 3rd period - Shot Misses the Net.
10:59 of 3rd period - Slapshot by Nick Holden.
10:59 of 3rd period - Stopped by Matt Murray without a rebound.
11:00 of 3rd period - Tyler Bozak wins face-off versus Jean-Gabriel Pageau in Diables zone.
11:09 of 3rd period - Slapshot by Brandon Prust.
11:09 of 3rd period - Goal by Brandon Prust - Diables : 1 - Harfangs : 1.
11:10 of 3rd period - Tyler Bozak wins face-off versus Cody Eakin in neutral zone.
12:20 of 3rd period - Off-side.
12:21 of 3rd period - Louis Leblanc wins face-off versus Tomas Kubalik in neutral zone.
12:44 of 3rd period - Minor Penalty to Dylan Olsen for Slashing.
12:45 of 3rd period - Taylor Beck wins face-off versus Cody Eakin in Harfangs zone.
12:47 of 3rd period - Snap shot by Nikita Kucherov.
12:47 of 3rd period - Shot Misses the Net.
12:51 of 3rd period - Snap shot by Alexandre Burrows.
12:51 of 3rd period - Shot Misses the Net.
12:53 of 3rd period - Snap shot by Taylor Beck.
12:53 of 3rd period - Shot Misses the Net.
12:55 of 3rd period - Slapshot by Mark Fraser.
12:55 of 3rd period - Shot Misses the Net.
12:57 of 3rd period - Wrist shot by Nikita Kucherov.
12:57 of 3rd period - Goal by Nikita Kucherov - Diables : 2 - Harfangs : 1.
12:58 of 3rd period - Tyler Bozak wins face-off versus Vojtech Polak in neutral zone.
13:23 of 3rd period - Wrist shot by Jean-Gabriel Pageau.
13:23 of 3rd period - Stopped by Matt Murray with a rebound.
13:25 of 3rd period - Slapshot by Nick Holden.
13:25 of 3rd period - Stopped by Matt Murray without a rebound.
13:26 of 3rd period - Jean-Gabriel Pageau wins face-off versus Tim Schaller in Diables zone.
13:35 of 3rd period - Slapshot by Pavel Valentenko.
13:35 of 3rd period - Deflect By Dustin Jeffrey.
13:35 of 3rd period - Stopped by Andrew Hammond with a rebound.
13:37 of 3rd period - Snap shot by Steve Quailer.
13:37 of 3rd period - Shot Misses the Net.
13:57 of 3rd period - Snap shot by Vojtech Polak.
13:57 of 3rd period - Stopped by Matt Murray with a rebound.
13:59 of 3rd period - Wrist shot by Dylan Olsen.
13:59 of 3rd period - Shot Misses the Net.
14:43 of 3rd period - Wrist shot by Colton Sissons.
14:43 of 3rd period - Stopped by Matt Murray without a rebound.
14:44 of 3rd period - Cody Eakin wins face-off versus Nikita Kucherov in Diables zone.
14:53 of 3rd period - Snap shot by Tomas Kubalik.
14:53 of 3rd period - Stopped by Matt Murray without a rebound.
14:54 of 3rd period - Vojtech Polak wins face-off versus Tyler Bozak in Diables zone.
14:55 of 3rd period - Slapshot by Tomas Kubalik.
14:55 of 3rd period - Shot Misses the Net.
15:03 of 3rd period - Slapshot by Vojtech Polak.
15:03 of 3rd period - Shot Misses the Net.
15:05 of 3rd period - Wrist shot by Jake Dotchin.
15:05 of 3rd period - Shot Blocked by Tyler Bozak.
15:07 of 3rd period - Slapshot by Mark Alt.
15:07 of 3rd period - Deflect By Vojtech Polak.
15:07 of 3rd period - Shot Misses the Net.
15:07 of 3rd period - Puck is out of play.
15:08 of 3rd period - Calle Jarnkrok wins face-off versus Stefan Matteau in Diables zone.
15:09 of 3rd period - Wrist shot by Andreas Martinsen.
15:09 of 3rd period - Stopped by Matt Murray without a rebound.
15:10 of 3rd period - Calle Jarnkrok wins face-off versus Stefan Matteau in Diables zone.
16:39 of 3rd period - Snap shot by Andreas Martinsen.
16:39 of 3rd period - Shot Blocked by Brian Dumoulin.
16:41 of 3rd period - Wrist shot by Dennis Everberg.
16:41 of 3rd period - Shot Blocked by Brian Dumoulin.
16:43 of 3rd period - Slapshot by Dennis Everberg.
16:43 of 3rd period - Shot Misses the Net.
17:28 of 3rd period - Wrist shot by Dustin Jeffrey.
17:28 of 3rd period - Shot Misses the Net.
17:30 of 3rd period - Slapshot by Mark Alt.
17:30 of 3rd period - Shot Misses the Net.
17:46 of 3rd period - Brian Dumoulin is hit by Jujhar Khaira and loses puck.
18:02 of 3rd period - Off-side.
18:03 of 3rd period - Stefan Matteau wins face-off versus Calle Jarnkrok in neutral zone.
18:18 of 3rd period - Mark Fraser is hit by Dennis Everberg and loses puck.
18:24 of 3rd period - Icing by Taylor Beck.
18:25 of 3rd period - Stefan Matteau wins face-off versus Tomas Kubalik in Diables zone.
18:58 of 3rd period - Slapshot by Tyler Bozak.
18:58 of 3rd period - Stopped by Andrew Hammond with a rebound.
19:10 of 3rd period - Snap shot by Nikita Kucherov.
19:10 of 3rd period - Stopped by Andrew Hammond with a rebound.
19:20 of 3rd period - Nathan Beaulieu is hit by Brandon Prust and loses puck.
19:29 of 3rd period - Snap shot by Tyler Bozak.
19:29 of 3rd period - Shot Misses the Net.
19:35 of 3rd period - Harfangs, Andrew Hammond is pulled from the net.
19:35 of 3rd period - Snap shot by Nathan Beaulieu.
19:35 of 3rd period - Shot Misses the Net.
19:43 of 3rd period - Wrist shot by Cody Eakin.
19:43 of 3rd period - Shot Misses the Net.
19:45 of 3rd period - Slapshot by Tomas Kubalik.
19:45 of 3rd period - Goal by Tomas Kubalik - Diables : 2 - Harfangs : 2.
19:45 of 3rd period - Andrew Hammond from Harfangs was sent back in the game.
19:46 of 3rd period - Cody Eakin wins face-off versus Brandon Prust in neutral zone.
Goals for this period are 2 for Diables vs 2 for Harfangs.
Shots for this period are 12 for Diables vs 11 for Harfangs.
Overtime #1
0:01 of 1st overtime period - Jean-Gabriel Pageau wins face-off versus Tyler Bozak in neutral zone.
0:14 of 1st overtime period - Snap shot by Tyler Bozak.
0:14 of 1st overtime period - Shot Blocked by Nathan Beaulieu.
0:16 of 1st overtime period - Slapshot by Mark Fraser.
0:16 of 1st overtime period - Deflect By Alexandre Burrows.
0:16 of 1st overtime period - Shot Blocked by Victor Bartley.
0:16 of 1st overtime period - Puck is out of play.
0:17 of 1st overtime period - Cody Eakin wins face-off versus Tyler Bozak in Harfangs zone.
0:55 of 1st overtime period - Slapshot by Alexandre Burrows.
0:55 of 1st overtime period - Shot Misses the Net.
0:57 of 1st overtime period - Slapshot by Brian Dumoulin.
0:57 of 1st overtime period - Stopped by Andrew Hammond without a rebound.
0:58 of 1st overtime period - Vojtech Polak wins face-off versus Tim Schaller in Harfangs zone.
0:58 of 1st overtime period - Vojtech Polak is hit by Brandon Prust.
1:06 of 1st overtime period - Snap shot by Vojtech Polak.
1:06 of 1st overtime period - Stopped by Matt Murray without a rebound.
1:07 of 1st overtime period - Cody Eakin wins face-off versus Tyler Bozak in Diables zone.
1:58 of 1st overtime period - Dylan Olsen is hit by Nikita Kucherov and loses puck.
2:07 of 1st overtime period - Wrist shot by Nikita Kucherov.
2:07 of 1st overtime period - Deflect By Craig Smith.
2:07 of 1st overtime period - Shot Misses the Net.
2:07 of 1st overtime period - Puck is out of play.
2:08 of 1st overtime period - Cody Eakin wins face-off versus Tyler Bozak in Harfangs zone.
2:39 of 1st overtime period - Snap shot by Dustin Jeffrey.
2:39 of 1st overtime period - Shot Misses the Net.
2:53 of 1st overtime period - Dylan Olsen is hit by Pavel Valentenko and loses puck.
3:12 of 1st overtime period - Nick Holden is hit by Brian Dumoulin.
3:13 of 1st overtime period - Icing by Nick Holden.
3:14 of 1st overtime period - Cristoval Nieves wins face-off versus Tyler Bozak in Harfangs zone.
3:19 of 1st overtime period - Alexandre Burrows is hit by Victor Bartley and loses puck.
3:46 of 1st overtime period - Wrist shot by Victor Bartley.
3:46 of 1st overtime period - Deflect By Pavel Valentenko.
3:46 of 1st overtime period - Stopped by Matt Murray without a rebound.
3:47 of 1st overtime period - Cody Eakin wins face-off versus Tim Schaller in Diables zone.
3:48 of 1st overtime period - Wrist shot by Jean-Gabriel Pageau.
3:48 of 1st overtime period - Stopped by Matt Murray with a rebound.
4:27 of 1st overtime period - Slapshot by Brian Dumoulin.
4:27 of 1st overtime period - Deflect By Dylan Olsen.
4:27 of 1st overtime period - Stopped by Andrew Hammond with a rebound.
4:51 of 1st overtime period - Nick Holden is hit by Pavel Valentenko and loses puck.
Goals for this period are 0 for Diables vs 0 for Harfangs.
Shots for this period are 2 for Diables vs 3 for Harfangs.
ShootOut
5:00 of 1st overtime period - Penalty Shot by Nikita Kucherov for Diables.
5:00 of 1st overtime period - Wrist shot by Nikita Kucherov.
5:00 of 1st overtime period - Stopped by Andrew Hammond.
5:00 of 1st overtime period - Penalty Shot by Cody Eakin for Harfangs.
5:00 of 1st overtime period - Deke by Cody Eakin.
5:00 of 1st overtime period - Stopped by Matt Murray.
5:00 of 1st overtime period - Penalty Shot by Tyler Bozak for Diables.
5:00 of 1st overtime period - Deke by Tyler Bozak.
5:00 of 1st overtime period - Shot Hit the Post.
5:00 of 1st overtime period - Penalty Shot by Jean-Gabriel Pageau for Harfangs.
5:00 of 1st overtime period - Wrist shot by Jean-Gabriel Pageau.
5:00 of 1st overtime period - Stopped by Matt Murray.
5:00 of 1st overtime period - Penalty Shot by Alexandre Burrows for Diables.
5:00 of 1st overtime period - Wrist shot by Alexandre Burrows.
5:00 of 1st overtime period - Stopped by Andrew Hammond.
5:00 of 1st overtime period - Penalty Shot by Vojtech Polak for Harfangs.
5:00 of 1st overtime period - Backhand shot by Vojtech Polak.
5:00 of 1st overtime period - Goal by Vojtech Polak.
Back to the Top